 Dungeon Crawl Stone Soup version 0.20.1-1-g8b1a95d (webtiles) character file.

1074 pstr the Conjurer (level 8, 0/42 HPs)
             Began as a Kobold Conjurer on Nov 19, 2017.
             Slain by a killer bee (6 damage)
             ... on level 6 of the Dungeon.
             The game lasted 00:14:48 (7275 turns).

pstr the Conjurer (Kobold Conjurer)                 Turns: 7275, Time: 00:14:50

Health: 0/42       AC:  7    Str:  6    XL:     8   Next: 54%
Magic:  7/16       EV: 13    Int: 20    God:
Gold:   267        SH:  0    Dex: 15    Spells: 15/18 levels left

rFire    . . .     SeeInvis .   D - +4 quarterstaff (chaos)
rCold    . . .     Gourm    .   (shield currently unavailable)
rNeg     . . .     Faith    .   x - +0 ring mail
rPois    .         Spirit   .   v - +0 hat {MR+}
rElec    .         Reflect  .   E - +0 cloak {MR+}
rCorr    .         Harm     .   F - +0 pair of gloves
MR       ++...                  (no boots)
Stlth    ++........             (no amulet)
Regen    0.2/turn               o - +2 ring of intelligence
MPRegen  0.2/turn               (no ring)

@: lethally poisoned (0 -> -2)
A: carnivore 3
a: no special abilities


You were on level 6 of the Dungeon.
You were completely stuffed.

You visited 2 branches of the dungeon, and saw 7 of its levels.

You collected 267 gold pieces.

Inventory:

Hand Weapons
 D - a +4 quarterstaff of chaos (weapon)
Missiles
 l - 195 stones (quivered)
 A - 74 arrows
Armour
 a - a +0 robe
 f - a +0 leather armour
 i - a +2 robe of cold resistance
 p - a +0 helmet
 v - a +0 hat of magic resistance (worn)
 x - a +0 ring mail (worn)
 E - a +0 cloak of magic resistance (worn)
 F - a +0 pair of gloves (worn)
 J - a +1 scale mail of poison resistance
Jewellery
 o - a +2 ring of intelligence (left hand)
 y - an uncursed ring of poison resistance {unknown}
 B - a +4 ring of evasion {unknown}
Wands
 q - a wand of lightning (8/15)
Scrolls
 d - 7 scrolls of remove curse {unknown}
 e - 2 scrolls of blinking {unknown}
 h - a scroll of magic mapping {unknown}
 j - 2 scrolls of amnesia {unknown}
 r - a scroll of enchant armour {unknown}
 w - 3 scrolls of identify {unknown}
 C - a scroll of enchant weapon {unknown}
 H - a scroll of recharging {unknown}
Potions
 g - a potion of invisibility {unknown}
 k - a potion of ambrosia {unknown}
 m - 2 potions of heal wounds {unknown}
 n - 3 potions of curing {unknown}
 s - 2 potions of flight {unknown}
 t - 2 potions of might {unknown}
 u - a potion of brilliance {unknown}
 G - a potion of mutation {unknown}
 I - a potion of berserk rage {unknown}
Books
 b - a book of Conjurations

   Spells                             Type                      Level
   a - Magic Dart                     Conjuration                  1
   b - Searing Ray                    Conjuration                  2
   c - Dazzling Spray                 Conjuration/Hexes            3
   d - Fulminant Prism                Conjuration/Hexes            4
   e - Force Lance                    Conjuration/Translocation    4
   f - Iskenderun's Mystic Blast      Conjuration                  4
Comestibles
 c - 2 meat rations
 z - 2 royal jellies
 K - 6 chunks of flesh


   Skills:
 + Level 0.7 Fighting
 + Level 1.1 Staves
 + Level 2.9 Armour
 + Level 3.3 Dodging
 + Level 3.8 Stealth
 + Level 1.8 Unarmed Combat
 + Level 5.7 Spellcasting
 + Level 6.8 Conjurations


You had 15 spell levels left.
You knew the following spells:

 Your Spells              Type           Power        Failure   Level  Hunger
a - Magic Dart            Conj           ####         2%          1    None
b - Searing Ray           Conj           ####..       3%          2    None


Dungeon Overview and Level Annotations

Branches:
Dungeon (6/15)             Temple (1/1) D:4

Altars:
Cheibriados
Dithmenos
Elyvilon
Fedhas
Gozag
Hepliaklqana
Kikubaaqudgha
Makhleb
Nemelex Xobeh
Okawaru
Ru
Sif Muna
Trog
Uskayaw
Vehumet
Xom
Yredelemnul
Zin
The Shining One


Innate Abilities, Weirdness & Mutations

You are small and have problems with some larger weapons.
You are carnivorous and can eat meat at any time.


Message History

The killer bee buzzes angrily.
The killer bee stings you.
* * * LOW HITPOINT WARNING * * *
The killer bee stings you.
* * * LOW HITPOINT WARNING * * *
The killer bee misses you. The killer bee barely misses you.
The killer bee barely misses you. The killer bee closely misses you.
The killer bee misses you.
You feel sick. The killer bee barely misses you.
The howler monkey zombie completely misses you.
The killer bee stings you.
* * * LOW HITPOINT WARNING * * *
You sock the killer bee!
The killer bee is heavily wounded.
The killer bee barely misses you. The killer bee misses you. x2
The killer bee barely misses you.
The howler monkey zombie hits you but does no damage.
The killer bee stings you but does no damage.
The killer bee stings you.
You die...

....h ###y....
..y)... #.....
#yy.# #..##
#.#########...#
##.....yyhy....#
.......@y###...#
.######yZ.....#.#
#..###.## .#
#..###.###.#
#....<.....#
#..(.....^.#####
#####.###### #.#
#


You could see a hound, 5 killer bees and a howler monkey zombie.

Vanquished Creatures
  A phantom (D:5)
  An ogre (D:4)
  A killer bee (D:6)
  2 howler monkeys
  A crimson imp (D:5)
  A bullfrog zombie (D:5)
  A jelly (D:5)
  4 orc wizards
  4 orc priests (D:4)
  Crazy Yiuf (D:3)
  A bullfrog skeleton (D:4)
  An iguana (D:4)
  Terence (D:3)
  4 worker ants
  4 gnolls (D:4)
  A howler monkey skeleton (D:4)
  6 adders
  An adder skeleton (D:4)
  A worm (D:4)
  A leopard gecko (D:3)
  26 orcs
  8 bats
  9 giant cockroaches
  7 goblins
  13 hobgoblins
  17 jackals
  6 kobolds
  A quokka (D:3)
  A ball python (D:3)
  A ball python skeleton (D:5)
  7 frilled lizards
  5 rats
139 creatures vanquished.

Notes
Turn   | Place    | Note
-------+----------+-------------------------------------------
     0 | D:1      | pstr the Kobold Conjurer began the quest for the Orb.
     0 | D:1      | Reached XP level 1. HP: 10/10 MP: 3/3
   486 | D:1      | Reached XP level 2. HP: 15/15 MP: 0/5
   490 | D:1      | Learned a level 2 spell: Searing Ray
   957 | D:1      | Reached XP level 3. HP: 19/19 MP: 4/6
  1765 | D:2      | Reached skill level 5 in Conjurations
  1765 | D:2      | Reached XP level 4. HP: 24/24 MP: 3/7
  1982 | D:3      | Noticed Terence
  1995 | D:3      | Killed Terence
  1995 | D:3      | Reached skill level 1 in Unarmed Combat
  2078 | D:3      | Found a blossoming altar of Fedhas.
  2125 | D:3      | Reached XP level 5. HP: 28/28 MP: 2/9
  2831 | D:3      | Found a runed door.
  3470 | D:3      | Noticed Crazy Yiuf
  3474 | D:3      | Killed Crazy Yiuf
  3530 | D:4      | Reached XP level 6. HP: 16/32 MP: 2/11
  4558 | D:4      | Reached skill level 6 in Conjurations
  4558 | D:4      | Reached XP level 7. HP: 36/36 MP: 8/13
  4672 | D:4      | Found a sacrificial altar of Ru.
  4759 | D:4      | Found a staircase to the Ecumenical Temple.
  4769 | Temple   | Entered the Ecumenical Temple
  4856 | D:4      | Reached skill level 1 in Armour
  5437 | D:4      | Found a bloodstained altar of Trog.
  5438 | D:4      | Found a shadowy altar of Dithmenos.
  5776 | D:5      | Entered Level 5 of the Dungeon
  5782 | D:5      | Found a snail-covered altar of Cheibriados.
  5792 | D:5      | Found a snail-covered altar of Cheibriados.
  5985 | D:5      | Reached XP level 8. HP: 40/42 MP: 5/15
  6119 | D:4      | Reached skill level 5 in Spellcasting
  6188 | D:4      | Reached skill level 1 in Staves
  7275 | D:6      | Slain by a killer bee

Skill      XL: |  1  2  3  4  5  6  7  8 |
---------------+-------------------------+-----
Stealth        | 3 |  3.8
Conjurations   | 5 6 |  6.8
Unarmed Combat | 1 |  1.8
Spellcasting   | 3 4 5 |  5.7
Dodging        | 3 |  3.3
Armour         | 2 |  2.9
Staves         | 1 |  1.1
Fighting       | |  0.7

Action                   |  1- 3 |  4- 6 |  7- 9 || total
-------------------------+-------+-------+-------++-------
Melee: Unarmed           |    37 |    13 |       ||    50
       Quarterstaff      |       |     3 |     1 ||     4
 Cast: Magic Dart        |    47 |    70 |    56 ||   173
       Searing Ray       |     3 |    21 |    30 ||    54
  Eat: Chunk             |     4 |    17 |     8 ||    29
Armor: Robe              |    18 |     4 |       ||    22
       Ring mail         |       |     3 |    13 ||    16
Dodge: Dodged            |    28 |    35 |    49 ||   112
